 Dungeon Crawl Stone Soup version 0.16-a0-3291-g9854cb9 (webtiles) character file.

20895 Minkie the Jinx (level 12, -27/77 HPs)
             Began as a Vampire Enchanter on Dec 24, 2014.
             Was the Champion of Kikubaaqudgha.
             Annihilated by an ettin
             ... wielding a +0 dire flail
              (41 damage)
             ... on level 3 of the Orcish Mines.
             The game lasted 01:40:53 (20408 turns).

Minkie the Jinx (Vampire Enchanter)                Turns: 20408, Time: 01:40:54

Health: -27/77     AC:  9    Str:  7    XL:     12   Next: 49%
Magic:  18/24      EV: 14    Int: 21    God:    Kikubaaqudgha [******]
Gold:   667        SH: 11    Dex: 14    Spells: 4 memorised, 9 levels left

rFire  . . .     SeeInvis +     J - +1 dagger (vamp)
rCold  + + .     Clarity  .     x - +1 robe {MR+}
rNeg   + + +     SustAb   .     M - +0 shield
rPois  +         Gourm    .     f - +2 helmet
rElec  .         Spirit   .     (no cloak)
rCorr  .         Warding  +     T - +2 pair of gloves
rMut   .         Stasis   .     (no boots)
MR     ++...                    F - amulet of warding
Stlth  ++++++....               (no ring)
                                a - ring of invisibility

@: very slightly contaminated, regenerating slowly, invisible, very resistant to
hostile enchantments, very stealthy
A: bottle blood, fangs 3, see invisible, unbreathing, MP-powered wands 1
a: Bat Form, Receive Corpses, Torment, Renounce Religion, Turn Visible


You were on level 3 of the Orcish Mines.
You worshipped Kikubaaqudgha.
Kikubaaqudgha was exalted by your worship.
You were near bloodless.

You visited 4 branches of the dungeon, and saw 20 of its levels.

You collected 1056 gold pieces.
You spent 389 gold pieces at shops.

Inventory:

Hand weapons
 J - a +1 vampiric dagger (weapon)
Armour
 f - a +2 helmet (worn)
 j - a mottled dragon hide
 x - a +1 robe of magic resistance (worn)
 M - a +0 shield (worn)
 T - a +2 pair of gloves (worn)
Jewellery
 a - a ring of invisibility (left hand)
 d - an uncursed ring of positive energy {unknown}
 F - an amulet of warding (around neck)
Magical devices
 t - a wand of disintegration (19)
 v - a wand of cold (4)
 W - a wand of slowing (19)
Scrolls
 c - a scroll of fog
 g - 4 scrolls of recharging
 i - 2 scrolls of enchant weapon
 k - 4 scrolls of remove curse
 m - 5 scrolls of teleportation
 p - a scroll of magic mapping
Potions
 e - 3 potions of heal wounds
 h - 3 potions of invisibility
 l - 7 potions of agility
 n - 6 potions of restore abilities
 o - 5 potions of curing
 q - 3 potions of brilliance
 r - 2 potions of might
 s - a potion of magic
 u - a potion of blood
 w - a potion of haste {unknown}
 z - 4 potions of resistance
 S - a potion of cancellation
 V - a potion of experience {unknown}
Books
 B - Kikubaaqudgha's Guide on Black Arts
   (Kikubaaqudgha gifted it to you on level 5 of the Dungeon)

   Spells                             Type                      Level
   a - Pain                           Necromancy                   1
   b - Corpse Rot                     Necromancy                   2
   c - Sublimation of Blood           Necromancy                   2
   d - Vampiric Draining              Necromancy                   3
   e - Control Undead                 Necromancy                   4
 P - Kikubaaqudgha's Disquisition on Evil
   (Kikubaaqudgha gifted it to you on level 9 of the Dungeon)

   Spells                             Type                      Level
   a - Animate Dead                   Necromancy                   4
   b - Excruciating Wounds            Charms/Necromancy            5
   c - Cigotuvi's Embrace             Necromancy                   5
   d - Dispel Undead                  Necromancy                   5
   e - Death Channel                  Necromancy                   6


   Skills:
 + Level 1.4 Fighting
 + Level 10.1 Short Blades
 + Level 6.1 Dodging
 + Level 10.2 Stealth
 + Level 10.2 Shields
 + Level 4.4 Spellcasting
 + Level 10.4 Hexes
 + Level 4.7 Necromancy
 + Level 9.3 Evocations


You had 9 spell levels left.
You knew the following spells:

 Your Spells              Type           Power        Failure   Level  Hunger
a - Corona                Hex            #####..      1%          1    None
b - Ensorcelled Hibernat  Hex/Ice        ####..       2%          2    #......
c - Confuse               Hex            #####...     1%          3    ##.....
d - Animate Dead          Necr           N/A          21%         4    ####...


Dungeon Overview and Level Annotations

Branches:
Dungeon (13/15)            Temple (1/1) D:4            Lair (3/8) D:10
    Orc (3/4) D:12
  Swamp: Lair:3-6    Shoals: Lair:3-6     Snake: Lair:3-6    Spider: Lair:3-6
    Elf: Orc:3-4     Vaults: D:13-14

Altars:
Ashenzari
Cheibriados
Dithmenos
Elyvilon
Fedhas
Gozag
Kikubaaqudgha
Makhleb
Nemelex Xobeh
Okawaru
Qazlal
Ru
Sif Muna
Trog
Vehumet
Xom
Yredelemnul
Zin
The Shining One
Beogh

Shops:
D:7 !   D:8 }   D:9 !   D:12 (

Annotations:
D:11 chequers' ghost, powerful OgCK


Innate Abilities, Weirdness & Mutations

You heal slowly.
You can bottle blood from corpses.
You have razor-sharp teeth.
You have supernaturally acute eyesight.
You can survive without breathing.
You expend magic power (6 MP) to slightly strengthen your wands.


Message History

Press: ? - help, Shift-Dir - straight line, f - orc sorcerer
Aim: an orc sorcerer, wielding a dagger and wearing an embroidered robe (chance 37%)
The orc sorcerer easily resists.
The orc sorcerer gestures wildly while chanting.
The ettin hits you with a dire flail!! The ettin barely misses you.
Casting: Ensorcelled Hibernation
Confirm with . or Enter, or press ? or * to list all spells.
Aiming: Confuse
Press: ? - help, Shift-Dir - straight line, f/p - orc sorcerer
Aim: an orc sorcerer, wielding a dagger and wearing an embroidered robe (chance 55%)
The orc sorcerer appears confused.
You block the ettin's attack. The ettin hits you with a dire flail!!
* * * LOW HITPOINT WARNING * * *
An orc comes into view. It is wielding a dagger.
The soul eater hits you.
* * * LOW HITPOINT WARNING * * *
The ettin hits you with a dire flail!!!
Ouch! That really hurt!
You die...
Kikubaaqudgha rasps: "You have failed me!
Welcome... oblivion!"

# . .... ...
.....#.$ .
......... ...
.........#....#
# .....o.#.....
... ..........#
#....#.3C.......
#.>@#
#..........#
#...........
#...........
.............
.....oo......
......o....
...o..... ...


You could see an ettin, a soul eater, an orc sorcerer (confused) and 4 orcs.

Vanquished Creatures
  Erica (D:11)
  Nergalle (Lair:1)
  2 hill giants
  2 unseen horrors
  An orc knight (D:11)
  A cyclops (D:12)
  An ugly thing (D:10)
  A manticore (D:11)
  3 spiny frogs (Lair:1)
  A fire drake (D:10)
  3 two-headed ogres
  A troll (D:11)
  A basilisk (D:12)
  A spriggan (D:9)
  A wyvern (D:11)
  12 yaks
  Grum (D:8)
  A hungry ghost (D:8)
  2 wraiths
  7 hippogriffs
  2 soldier ants
  3 wolves (D:8)
  A mottled dragon (D:11)
  8 ogres
  3 porcupines
  4 sky beasts
  An eye of draining (D:11)
  3 boggarts (D:11)
  12 centaurs
  3 ice beasts
  2 black bears
  A necrophage (D:10)
  2 phantoms
  A yellow wasp (D:11)
  9 orc warriors
  Sigmund (D:5)
  A crocodile (Lair:1)
  A big kobold (D:10)
  Blork the orc (D:8)
  7 giant frogs
  A wyvern skeleton (D:9)
  13 killer bees
  8 scorpions
  2 electric eels (D:11)
  3 wights (D:7)
  A goliath beetle (D:5)
  2 jellies
  2 crimson imps
  A giant frog zombie (D:5)
  A quasit (D:5)
  7 orc priests
  3 centaur zombies
  5 centaur skeletons
  8 orc wizards
  A yellow wasp zombie (D:8)
  A gnoll shaman (D:10)
  8 hounds
  8 worker ants
  3 hell rats (Lair:1)
  A hound zombie (D:8)
  A hound skeleton (D:4)
  A worker ant zombie (D:5)
  Robin (D:4)
  18 adders
  5 gnolls
  10 river rats (Lair:1)
  4 shadow imps
  A giant mite (D:4)
  3 worms
  An adder zombie (D:7)
  An adder skeleton (D:4)
  5 giant geckos
  53 orcs
  2 ball pythons
  21 bats
  A bat zombie (D:10)
  3 giant cockroaches
  19 goblins
  25 hobgoblins
  10 jackals
  An ooze (D:1)
  5 quokkas
  A giant gecko skeleton (D:4)
  2 giant newts
  A jackal skeleton (D:5)
  13 kobolds
  An orc zombie (D:5)
  24 rats
  3 ballistomycetes (D:12)
425 creatures vanquished.

Vanquished Creatures (collateral kills)
  2 hill giants (D:11)
  A gargoyle (D:11)
  2 yaks (D:12)
  A water elemental (D:10)
  3 hungry ghosts (D:10)
  3 orc warriors
  A deep elf mage (D:10)
  A swamp drake (D:12)
  3 killer bees (D:10)
  A crimson imp (D:10)
  2 orc wizards (D:12)
  A giant frog zombie (D:11)
  A hell rat (Lair:1)
  5 gnolls (D:10)
  3 river rats (Lair:1)
  20 orcs
  A jackal (D:10)
  A quokka (D:11)
  A rat (Lair:1)
  2 ballistomycetes (D:12)
55 creatures vanquished.

Vanquished Creatures (others)
  A manticore zombie (D:11)
  A human zombie (D:11)
  A centaur (D:12)
  2 yak zombies
  A yellow wasp zombie (D:11)
  3 centaur zombies
  A hound (D:4)
  A soldier ant zombie (D:11)
  3 killer bee zombies
  An ogre zombie (D:11)
  An adder zombie (D:10)
  An electric eel zombie (D:11)
  An orc (D:12)
  A giant newt zombie (D:11)
  A giant spore (D:12)
  A hobgoblin zombie (D:11)
  A kobold zombie (D:10)
  2 orc skeletons (D:12)
  18 orc zombies
  A quokka zombie (D:11)
43 creatures vanquished.

Grand Total: 523 creatures vanquished

Notes
Turn   | Place    | Note
--------------------------------------------------------------
     0 | D:1      | Minkie, the Vampire Enchanter, began the quest for the Orb.
     0 | D:1      | Reached XP level 1. HP: 13/13 MP: 3/3
     0 | D:1      | Noticed a draconian skeleton
     0 | D:1      | Noticed a minotaur skeleton
     1 | D:1      | Noticed a spriggan zombie
     3 | D:1      | Noticed an elf
     5 | D:1      | Noticed a dwarf
     6 | D:1      | Noticed an octopode zombie
    10 | D:1      | Noticed a naga
    10 | D:1      | Noticed a minotaur skeleton
    12 | D:1      | Noticed a centaur skeleton
    13 | D:1      | Noticed an octopode zombie
    16 | D:1      | Noticed a human zombie
    19 | D:1      | Noticed a spriggan skeleton
   315 | D:1      | Reached XP level 2. HP: 14/19 MP: 4/4
   319 | D:1      | Learned a level 2 spell: Ensorcelled Hibernation
   402 | D:2      | Found a deep blue altar of Sif Muna.
   615 | D:2      | Reached skill level 5 in Hexes
   781 | D:1      | Reached XP level 3. HP: 24/24 MP: 6/6
  1358 | D:2      | Reached skill level 5 in Stealth
  1651 | D:3      | Noticed a centaur
  1654 | D:3      | Killed a centaur
  1654 | D:3      | Reached XP level 4. HP: 30/30 MP: 7/7
  1654 | D:3      | Reached XP level 5. HP: 35/35 MP: 9/9
  2367 | D:3      | Found a white marble altar of Elyvilon.
  2599 | D:3      | Reached skill level 6 in Stealth
  2746 | D:3      | Found a sacrificial altar of Ru.
  2895 | D:4      | Reached XP level 6. HP: 31/41 MP: 7/10
  2955 | D:4      | Noticed Robin
  2997 | D:4      | Killed Robin
  3004 | D:3      | Learned a level 3 spell: Confuse
  3107 | D:4      | Found a blossoming altar of Fedhas.
  3236 | D:4      | Reached skill level 5 in Short Blades
  3353 | D:5      | Entered Level 5 of the Dungeon
  3518 | D:4      | Noticed a sky beast
  3524 | D:4      | Killed a sky beast
  3524 | D:4      | Reached skill level 7 in Stealth
  3824 | D:4      | Reached XP level 7. HP: 46/46 MP: 7/12
  4311 | D:4      | Found a staircase to the Ecumenical Temple.
  4321 | Temple   | Entered the Ecumenical Temple
  4396 | Temple   | Became a worshipper of Kikubaaqudgha
  4901 | D:5      | Reached skill level 8 in Stealth
  5177 | D:5      | Reached XP level 8. HP: 52/52 MP: 8/13
  5451 | D:5      | Acquired Kikubaaqudgha's first power
  5451 | D:5      | Received a gift from Kikubaaqudgha
  5480 | D:5      | Identified Kikubaaqudgha's Guide on Black Arts (Kikubaaqudgha gifted it to you on level 5 of the Dungeon)
  5713 | D:5      | Reached skill level 9 in Stealth
  5773 | D:5      | Noticed Sigmund
  5776 | D:5      | Killed Sigmund
  5967 | D:5      | Found a snail-covered altar of Cheibriados.
  6394 | D:6      | Found an iron altar of Okawaru.
  6799 | D:7      | Reached skill level 10 in Stealth
  6884 | D:7      | Found Siamp's Distillery.
  7020 | D:7      | Bought a potion of heal wounds for 60 gold pieces
  7020 | D:7      | Bought a potion of invisibility for 96 gold pieces
  7020 | D:7      | Bought a potion of brilliance for 48 gold pieces
  7020 | D:7      | Bought a potion of curing for 36 gold pieces
  7138 | D:9      | Reached XP level 9. HP: 57/57 MP: 14/14
  7165 | D:8      | Found Blaseam's Gadget Boutique.
  7281 | D:8      | Noticed a two-headed ogre
  7292 | D:8      | Killed a two-headed ogre
  7292 | D:8      | Acquired Kikubaaqudgha's second power
  7292 | D:8      | Reached skill level 10 in Hexes
  7651 | D:7      | Reached skill level 10 in Short Blades
  7842 | D:7      | Found a burning altar of Makhleb.
  8122 | D:8      | Reached skill level 1 in Necromancy
  8323 | D:8      | Noticed Grum
  8392 | D:8      | Reached skill level 5 in Dodging
  8453 | D:8      | Noticed Blork the orc
  8460 | D:8      | Killed Blork the orc
  8802 | D:8      | Reached XP level 10. HP: 63/63 MP: 10/20
  9109 | D:8      | Killed Grum
  9109 | D:8      | Reached skill level 1 in Shields
  9137 | D:8      | Noticed an unseen horror
  9138 | D:8      | Killed an unseen horror
  9784 | D:9      | Received a gift from Kikubaaqudgha
  9785 | D:9      | Identified Kikubaaqudgha's Disquisition on Evil (Kikubaaqudgha gifted it to you on level 9 of the Dungeon)
  9791 | D:9      | Learned a level 4 spell: Animate Dead
  9834 | D:10     | Entered Level 10 of the Dungeon
  9873 | D:10     | Found a shattered altar of Ashenzari.
  9947 | D:10     | Found a staircase to the Lair.
  9987 | D:9      | Noticed a two-headed ogre
  9990 | D:9      | Killed a two-headed ogre
  9996 | D:9      | Reached skill level 5 in Shields
 10148 | D:9      | Found a blossoming altar of Fedhas.
 10307 | D:9      | Found Edawaor's Distillery.
 10335 | D:9      | Bought a potion of mutation for 32 gold pieces
 10335 | D:9      | Bought a potion of agility for 52 gold pieces
 10335 | D:9      | Bought a potion of restore abilities for 65 gold pieces
 10624 | D:10     | Found an ancient bone altar of Kikubaaqudgha.
 10818 | D:10     | Found a glowing golden altar of the Shining One.
 11214 | D:10     | Noticed a white ugly thing
 11228 | D:10     | Killed a white ugly thing
 11228 | D:10     | Reached XP level 11. HP: 68/68 MP: 18/21
 11242 | D:10     | Noticed a hill giant
 11249 | D:10     | Killed a hill giant
 11738 | D:11     | Noticed chequers' ghost (powerful OgCK)
 11953 | Lair:1   | Entered Level 1 of the Lair of Beasts
 12106 | D:10     | Acquired Kikubaaqudgha's third power
 14322 | Lair:1   | Noticed Nergalle
 14351 | Lair:1   | Killed Nergalle
 14351 | Lair:1   | Reached skill level 10 in Shields
 14558 | Lair:2   | Reached skill level 1 in Evocations
 15262 | D:11     | Noticed a manticore
 15284 | D:11     | Killed a manticore
 15428 | D:11     | Noticed Erica
 15435 | D:11     | Killed Erica
 15435 | D:11     | Reached skill level 5 in Evocations
 15571 | D:11     | Noticed a hill giant
 15580 | D:11     | Noticed a hill giant
 15585 | D:11     | Killed a hill giant
 15588 | D:11     | Killed a hill giant
 16246 | D:11     | Found a roughly hewn altar of Beogh.
 16273 | D:11     | Acquired Kikubaaqudgha's fourth power
 16278 | D:11     | Your ally Erica died
 16884 | D:12     | Reached XP level 12. HP: 74/74 MP: 19/22
 17412 | D:12     | Found Azatac's Weapon Boutique.
 17582 | D:12     | Noticed an unseen horror
 17586 | D:12     | Killed an unseen horror
 17966 | D:12     | Gained mutation: You expend magic power (6 MP) to slightly strengthen your wands. [mutagenic glow]
 18177 | D:11     | Noticed an orc knight
 18189 | D:11     | Killed an orc knight
 18600 | D:12     | Reached skill level 1 in Fighting
 19028 | D:12     | Found a staircase to the Orcish Mines.
 19158 | Orc:1    | Entered Level 1 of the Orcish Mines
 19554 | Orc:1    | Found a bloodstained altar of Trog.
 20378 | Orc:3    | Noticed an ettin
 20408 | Orc:3    | Annihilated by an ettin

Action                   |  1- 3 |  4- 6 |  7- 9 | 10-12 || total
-------------------------+-------+-------+-------+-------++-------
Melee: Dagger            |   131 |   124 |   270 |   767 ||  1292
 Cast: Ensorcelled Hiber |    19 |    32 |    62 |   223 ||   336
       Confuse           |       |       |    15 |    47 ||    62
       Corona            |       |       |     2 |       ||     2
       Animate Dead      |       |       |       |    38 ||    38
Invok: Receive Corpses   |       |       |       |     1 ||     1
 Abil: Evoke Invisibilit |       |       |       |     9 ||     9
  Use: Scroll            |       |     3 |       |    20 ||    23
       Potion            |       |       |     1 |     3 ||     4
 Stab: Sleeping          |    20 |    35 |    62 |   150 ||   267
       Distracted        |     1 |       |       |     4 ||     5
       Paralysed         |       |     1 |       |       ||     1
       Confused          |       |       |     9 |    25 ||    34
       Invisible         |       |       |       |    17 ||    17
